 Dungeon Crawl Stone Soup version 0.31-a0-662-g684573625c (webtiles) character file.

Game seed: 17117635794108758440

43 Hubris850 the Chiller (level 3, -1/26 HPs)
             Began as a Draconian Ice Elementalist on Sept 1, 2023.
             Slain by Terence
             ... wielding a +1 flail of protection
              (5 damage)
             ... on level 2 of the Dungeon.
             The game lasted 00:04:08 (865 turns).

Hubris850 the Chiller (Draconian Ice Elementalist)   Turns: 865, Time: 00:04:09

Health: -1/26      AC:  5    Str: 10    XL:     3   Next: 37%
Magic:  12/15      EV: 12    Int: 17    God:
Gold:   90         SH:  0    Dex: 11    Spells: 3/7 levels left

rFire   . . .        f - +0 hand axe (vamp)
rCold   . . .        (no shield)
rNeg    . . .        (body armour unavailable)
rPois   .            (helmet restricted)
rElec   .            (no cloak)
rCorr   .            (no gloves)
SInv    .            (no boots)
Will    .....        (no amulet)
Stlth   ++           h - ring of magical power
HPRegen 0.24/turn    (no ring)
MPRegen 0.14/turn

%: no passive effects
@: freezing walls
A: AC +5, unfitting armour, cold-blooded
a: no special abilities


You were on level 2 of the Dungeon.
You visited 1 branch of the dungeon, and saw 2 of its levels.

You collected 90 gold pieces.

Inventory:

Hand Weapons
 c - a +0 short sword
 f - a +0 vampiric hand axe (weapon)
Jewellery
 h - a ring of magical power (left hand)
Scrolls
 b - 2 scrolls of revelation {unknown}
 d - a scroll of enchant armour {unknown}
 g - 2 scrolls of identify {unknown}
 k - a scroll of fog {unknown}
 l - a scroll of summoning {unknown}
 m - a scroll of enchant weapon {unknown}
Potions
 a - a potion of magic
 e - a potion of curing {unknown}
 i - a potion of brilliance {unknown}
 j - 2 potions of attraction {unknown}


   Skills:
 + Level 2.4 Dodging
 - Level 1.7 Stealth
 + Level 2.6 Spellcasting
 + Level 4.4 Ice Magic


You had 3 spell levels left.
You knew the following spells:

 Your Spells              Type           Power      Damage    Failure   Level
a - Freeze                Ice            68%        1d8       3%          1
b - Frozen Ramparts       Ice            34%        1d6       9%          3

Your spell library contained the following spells:

 Spells                   Type           Power      Damage    Failure   Level
 Ozocubu's Armour         Ice            17%        N/A       9%          3
 Apportation              Tloc           4%         N/A       19%         1
 Necrotise                Necr           8%         1d4       19%         1
 Summon Small Mammal      Summ           8%         N/A       19%         1
 Summon Ice Beast         Ice/Summ       9%         N/A       58%         4
 Petrify                  Tmut/Erth      2%         N/A       88%         4
 Metabolic Englaciation   Hex/Ice        4%         N/A       90%         5


Dungeon Overview and Level Annotations

Branches:
Dungeon (2/15)

Altars:

Annotations:
D:2 Terence


Innate Abilities, Weirdness & Mutations

Your plain brown scales are hard. (AC +5)
You cannot fit into any form of body armour.
You are cold-blooded and may be slowed by cold attacks.


Message History

There is a stone staircase leading up here.
You climb upwards.
There is a stone staircase leading down here.
This spell is quite dangerous to cast!
You start memorising the spell.
You continue memorising. x3
You finish memorising.
Spell assigned to 'b'.
You climb downwards.
Level annotation: Terence Terence barely misses you.
Terence hits you with a +1 flail of protection!
There is a stone staircase leading up here.
Casting: Freeze (safe; 3% risk of failure)
Confirm with . or Enter, or press ? or * to list all spells.
Okay, then.
Casting: Frozen Ramparts (quite dangerous; 9% risk of failure)
Confirm with . or Enter, or press ? or * to list all spells.
Casting: Frozen Ramparts (quite dangerous; 9% risk of failure)
Press: ? - help, Dir - look around, f - activate A stone staircase leading up.
The walls around you are covered in ice.
The wall freezes Terence but does no damage.
Terence hits you with a +1 flail of protection.
You hit Terence but do no damage.
Your tail-slap misses Terence.
The wall freezes Terence but does no damage.
Terence hits you with a +1 flail of protection.
You hit Terence.
Terence is lightly wounded.
The wall freezes Terence but does no damage.
Terence says, "Rest in peace."
Terence hits you with a +1 flail of protection!
* * * LOW HITPOINT WARNING * * *
You hit Terence but do no damage.
Terence is lightly wounded.
The wall freezes Terence but does no damage.
Terence closely misses you.
You hit Terence but do no damage.
Terence is lightly wounded.
The wall freezes Terence.
Terence hits you with a +1 flail of protection.
You die...

###### #....# #########
#....#
#......@######....#
#.###...@.........#
###.##.......##.....#
#.......#...........#
#.##.#..#.#.........#
#.#....#.........##
..#....#..........#####
####......#....<.......#
#...####......#.#...#


You could see Terence.

Vanquished Creatures
  4 dart slugs (D:1)
  3 endoplasms
  A giant cockroach (D:1)
  2 goblins
  A hobgoblin (D:1)
  4 jackals (D:1)
  2 quokkas (D:1)
  3 ball pythons
  4 bats (D:1)
  2 frilled lizards (D:1)
  4 kobolds
  4 rats (D:1)
34 creatures vanquished.

Notes
Turn   | Place    | Note
-------+----------+-------------------------------------------
     0 | D:1      | Hubris850 the Draconian Ice Elementalist began the quest
                  | for the Orb.
     0 | D:1      | Reached XP level 1. HP: 14/14 MP: 3/3
   187 | D:1      | Reached XP level 2. HP: 17/20 MP: 3/5
   517 | D:1      | Reached XP level 3. HP: 21/26 MP: 6/6
   848 | D:2      | Noticed Terence
   859 | D:1      | Learned a level 3 spell: Frozen Ramparts
   865 | D:2      | Slain by Terence

Illustrated notes

Levels and vault maps discovered:
D:1:      minmay_arrival_jagged, layout_rooms
D:2:      layout_basic, ebering_ecumenical_altar_sacrificial,
          kennysheep_generic_room_6, uniq_terence

Skill      XL: |  1 |
---------------+----+-----
Dodging        | 2 |  2.4
Stealth        | |  1.7
Spellcasting   | |  2.6
Ice Magic      | |  4.4

Action                     || total
---------------------------++-------
  Melee: Short sword       ||    56
         Unarmed           ||    13
         Tailslap          ||    10
         Hand axe          ||    31
         Punch             ||     1
   Cast: Freeze            ||     3
         Frozen Ramparts   ||     1
   Stab: Distracted        ||     1
         Sleeping          ||     1
 Armour: Skin              ||    68
  Dodge: Dodged            ||    80

Table legend: (Time is in decaauts)
 A = Elapsed time spent in this place.
 B = Non-inter-level travel time spent in this place.
 C = Inter-level travel time spent in this place.
 D = Time resting spent in this place.
 E = Time spent auto-exploring this place.
 F = Levels seen in this place.
 G = Mean time per level.
                   A        B        C        D        E       F      G
               +--------+--------+--------+--------+--------+-----+--------+
         Total |    876 |    871 |      5 |     72 |    518 |   2 |  438.0 |
       Dungeon |    876 |    871 |      5 |     72 |    518 |   2 |  438.0 |
               +--------+--------+--------+--------+--------+-----+--------+

Top non-repeatable levels by time:
     D:1: 645 daAuts
     D:2: 231 daAuts
